AoeStats
← Bezantine

MegaRandom

509249633Analyzed
3v3 RM · 5d ago on Sep 26, 2026· 51m 19s· 6 players
Game mode
Random Map
Map size
Normal (6 player)
Population
200
Speed
Normal
Resources
Standard
Victory
Conquest
Starting age
Dark Age
Ending age
Imperial Age
RankedLock teamsTeams togetherTeam positionsShared explorationLock speedFull tech treeHidden civsTurbo modeCheats
Victory
Defeat
🇺🇸 Italians · United States
853
+14
🇵🇪 Japanese · Peru
784
+17
🇲🇾 Goths · Malaysia
754
+18
🇨🇦 Persians · Canada
862
-18
🇨🇦 Khmer · Canada
785
-16
🇨🇦 Celts · Canada
771
-15
DrHoniPotting
14:54 Feudal Age
20:24 Castle Age
21:54 Bloodlines
21:45 Husbandry
29:52 Double-Bit Axe
33:25 Masonry
33:26 Murder Holes
45:14 Loom
zra7en
0:34 Loom
12:29 Feudal Age
13:23 Double-Bit Axe
18:41 Castle Age
18:34 Horse Collar
19:39 Bow Saw
19:31 Heavy Plow
23:13 Forging
23:55 Wheelbarrow
23:12 Town Watch
24:13 Pikeman
24:19 Pikeman
27:11 Wheelbarrow
26:53 Scale Mail Armor
28:12 Gambesons
27:47 Man-at-Arms
31:21 Husbandry
34:22 Hand Cart
34:31 Long Swordsman
34:35 Light Cavalry
36:09 Scale Barding Armor
36:25 Arson
38:29 Iron Casting
38:09 Chain Mail Armor
39:28 Chain Barding Armor
39:01 Fletching
43:09 Stronghold
43:20 Fishing Lines
48:20 Imperial Age
47:34 Ballistics
47:44 Town Patrol
49:05 Halberdier
51:38 Furor Celtica
Bezantine
12:27 Feudal Age
13:49 Double-Bit Axe
14:09 Horse Collar
21:29 Castle Age
21:20 Pikeman
25:02 Bloodlines
25:41 Gold Mining
33:41 Kamandaran
34:48 Scale Barding Armor
34:49 Husbandry
37:20 Crossbowman
38:06 Thumb Ring
38:33 Ballistics
38:50 Fletching
43:53 Forging
43:39 Bodkin Arrow
43:45 Padded Archer Armor
44:43 Bow Saw
45:29 Chain Barding Armor
46:11 Leather Archer Armor
46:35 Iron Casting
Teblu
5:21 Loom
12:03 Feudal Age
13:30 Double-Bit Axe
14:22 Fishing Lines
14:48 Gold Mining
15:55 Horse Collar
19:45 Castle Age
19:22 Forging
19:18 Scale Barding Armor
19:53 Bloodlines
19:56 Light Cavalry
21:01 Heavy Plow
22:20 Gillnets
26:07 Fletching
26:18 Padded Archer Armor
28:10 Wheelbarrow
31:42 Imperial Age
31:25 Ballistics
33:37 Elite Genoese Crossbowman
36:45 Conscription
36:57 Bodkin Arrow
37:17 Leather Archer Armor
37:47 Bow Saw
39:38 Bracer
40:09 Ring Archer Armor
40:43 Chemistry
42:13 Pirotechnia
42:25 Silk Road
42:18 Thumb Ring
47:10 Caravan
Felix
13:22 Feudal Age
14:53 Wheelbarrow
14:06 Double-Bit Axe
23:54 Castle Age
22:50 Gold Mining
26:11 Bow Saw
28:00 Pikeman
34:28 Imperial Age
34:38 Imperial Age
32:54 Scale Mail Armor
34:19 Forging
39:45 Two-Man Saw
38:34 Horse Collar
40:34 Capped Ram
42:01 Halberdier
43:22 Iron Casting
43:02 Chain Mail Armor
ijn_king
11:50 Feudal Age
12:21 Double-Bit Axe
12:18 Horse Collar
13:15 Wheelbarrow
20:07 Castle Age
18:02 Stone Mining
18:45 Gold Mining
19:10 Man-at-Arms
21:01 Bow Saw
21:42 Heavy Plow
22:24 Fervor
30:46 Hand Cart
31:10 Pikeman
31:51 Squires
37:26 Imperial Age
35:07 Fletching
35:18 Padded Archer Armor
35:19 Scale Mail Armor
37:28 Forging
37:05 Long Swordsman
39:21 Iron Casting
39:02 Chain Mail Armor
40:19 Elite Huskarl
41:20 Two-Handed Swordsman
42:30 Champion
42:55 Cavalier
43:35 Husbandry
43:54 Halberdier
44:18 Elite Skirmisher
47:15 Blast Furnace
46:23 Scale Barding Armor
51:28 Bodkin Arrow
51:48 Leather Archer Armor
Connection lost

Rejoining the realm…

Still unreachable

The connection could not be restored.

Session expired

The server has moved on; the page needs a fresh start.